 Dungeon Crawl Stone Soup version 0.21-a0-241-g2cbab09 (webtiles) character file.

36 aurelian the Vexing (level 3, -1/15 HPs)
             Began as a Felid Enchanter on Sept 3, 2017.
             Slain by an adder (2 damage)
             ... on level 2 of the Dungeon.
             The game lasted 00:05:08 (1502 turns).

aurelian the Vexing (Felid Enchanter)               Turns: 1502, Time: 00:05:09

Health: -1/15      AC:  1    Str:  4    XL:     3   Next: 19%
Magic:  1/7        EV: 18    Int: 17    God:
Gold:   44         SH:  0    Dex: 16    Spells: 3/6 levels left
                                        Lives:  0   Deaths: 0

rFire    . . .     SeeInvis +     - Unarmed
rCold    . . .     Gourm    .   (shield unavailable)
rNeg     . . .     Faith    .   (armour unavailable)
rPois    .         Spirit   .   (helmet unavailable)
rElec    .         Reflect  .   (cloak unavailable)
rCorr    .         Harm     .   (gloves unavailable)
MR       .....                  (boots unavailable)
Stlth    +++.......             (no amulet)
HPRegen  0.05/turn              (no ring)
MPRegen  0.10/turn              (no ring)

@: lethally poisoned (-1 -> -5), hasted, very quick
A: no armour, no weapons or thrown items, stealth, claws 1, fangs 3, see
invisible, carnivore 3, speed 1, shaggy fur 1, slow metabolism 1, sharp paws
a: no special abilities


You were on level 2 of the Dungeon.
You were very hungry.

You visited 1 branch of the dungeon, and saw 2 of its levels.

You collected 44 gold pieces.

Inventory:

Scrolls
 e - a scroll of amnesia {unknown}
 f - a scroll of identify {unknown}
 g - a scroll of enchant weapon {unknown}
 i - a scroll of recharging {unknown}
Books
 a - a book of Maledictions

   Spells                             Type                      Level
   a - Corona                         Hexes                        1
   b - Ensorcelled Hibernation        Hexes/Ice                    2
   c - Confuse                        Hexes                        3
   d - Tukima's Dance                 Hexes                        3
   e - Dazzling Spray                 Conjuration/Hexes            3
Comestibles
 b - a meat ration
 d - 2 royal jellies


   Skills:
 + Level 0.6 Fighting
 + Level 3.3 Dodging
 + Level 4.7 Stealth
 + Level 1.4 Unarmed Combat
 - Level 2.0 Spellcasting
 + Level 4.8 Hexes


You had 3 spell levels left.
You knew the following spells:

 Your Spells              Type           Power        Failure   Level  Hunger
a - Corona                Hex            ###....      2%          1    #......
b - Ensorcelled Hibernat  Hex/Ice        #.....       11%         2    ###....


Dungeon Overview and Level Annotations

Branches:
Dungeon (2/15)

Altars:


Innate Abilities, Weirdness & Mutations

You cannot wear armour.
You are incapable of wielding weapons or throwing items.
Your paws allow you to move quietly. (Stealth)
You have sharp claws.
You have razor-sharp teeth.
You have supernaturally acute eyesight. (SInv)
You are carnivorous and can eat meat at any time.
You cover ground quickly.
You are covered in fur. (AC +1)
You have a slow metabolism.
Your sharp claws are effective at attacking unaware monsters.


Message History

You barely miss the adder.
The adder is lightly wounded.
The adder bites you.
* * * LOW HITPOINT WARNING * * *
You scratch the adder but do no damage.
The adder is lightly wounded.
You closely miss the adder.
The adder is lightly wounded.
The adder closely misses you.
You closely miss the adder.
The adder is lightly wounded.
* * * LOW HITPOINT WARNING * * *
You feel sick. The adder completely misses you.
You closely miss the adder.
The adder is lightly wounded.
The adder completely misses you.
You barely miss the adder.
The adder is lightly wounded.
The adder bites you.
You die...

#### #.#.# #.#
#. #. .. #. ###
# #. #@#
#.###.###S#
#........l#####
###............
+......###...
#........+ .
+......###
#.....##
#......


You could see an adder and a frilled lizard.

Vanquished Creatures
  A gnoll (D:1)
  An adder (D:2)
  A leopard gecko (D:1)
  3 giant cockroaches (D:1)
  4 goblins (D:1)
  A hobgoblin (D:1)
  2 frilled lizards
  4 kobolds
  A rat (D:1)
18 creatures vanquished.

Notes
Turn   | Place    | Note
-------+----------+-------------------------------------------
     0 | D:1      | aurelian the Felid Enchanter began the quest for the Orb.
     0 | D:1      | Reached XP level 1. HP: 7/7 MP: 4/4
   517 | D:1      | Reached XP level 2. HP: 9/11 MP: 3/6
   554 | D:1      | Learned a level 2 spell: Ensorcelled Hibernation
  1485 | D:2      | Reached XP level 3. HP: 15/15 MP: 4/7
  1502 | D:2      | Slain by an adder

Vault maps used:
D:1:      dpeg_arrival_lava_temple_mockup
D:2:      first_bread, minmay_misc_feat_chi

Skill      XL: |  1 |
---------------+----+-----
Dodging        | 3 |  3.3
Fighting       | |  0.6
Stealth        | |  4.7
Unarmed Combat | |  1.4
Spellcasting   | |  2.0
Hexes          | |  4.8

Action                   || total
-------------------------++-------
Melee: Unarmed           ||    54
       Bite              ||     1
 Cast: Corona            ||     7
       Ensorcelled Hiber ||    16
  Use: Potion            ||     1
 Stab: Sleeping          ||    10
Dodge: Dodged            ||    42

Table legend:
 A = Spawn XP
 B = Non-spawn XP
 C = Spawn XP percentage of total XP
 D = Spawn monster count
 E = Non-spawn monster count
 F = Spawn count percentage of total count
 G = Total turns spent on level
                    A         B        C        D         E        F      G
               +---------+---------+-------+---------+---------+-------+---------
         Total |       3 |      49 |   5.8 |       2 |      16 |  11.1 |  1502
               +---------+---------+-------+---------+---------+-------+---------
           D:1 |       3 |      34 |   8.1 |       2 |      13 |  13.3 |  1367
           D:2 |       0 |      15 |   0.0 |       0 |       3 |   0.0 |   135
               +---------+---------+-------+---------+---------+-------+---------
